 Dungeon Crawl Stone Soup version 0.29-a0-359-g541a27f54d (webtiles) character file.

Game seed: 17970807046425735981

169 Colgate the Cutter (level 5, 0/30 HPs)
             Began as a Kobold Brigand on Apr 28, 2022.
             Was a Believer of Nemelex Xobeh.
             Slain by a scorpion (3 damage)
             ... on level 4 of the Dungeon.
             The game lasted 00:10:46 (4839 turns).

Colgate the Cutter (Kobold Brigand)                 Turns: 4839, Time: 00:10:47

Health: 0/30       AC:  8    Str:  9    XL:     5   Next: 79%
Magic:  5/5        EV: 13    Int:  7    God:    Nemelex Xobeh [**....]
Gold:   313        SH:  0    Dex: 20    Spells: 4/4 levels left

rFire   . . .      SeeInvis .   a - +2 dagger
rCold   . . .      Faith    .   (no shield)
rNeg    . . .      Spirit   .   q - +0 troll leather armour
rPois   .          Reflect  .   m - +0 helmet
rElec   .          Harm     .   c - +0 cloak
rCorr   .          Rampage  .   v - +0 pair of gloves
Will    .....                   t - +0 pair of boots of Sin {Regen+ Int-5 Dex+2}
Stlth   ++++......              (no amulet)
HPRegen 1.70/turn               (no ring)
MPRegen 0.09/turn               (no ring)

@: lethally poisoned (0 -> 0)
A: small, no large weapons, nightstalker 3
a: Renounce Religion, Draw Escape, Draw Destruction, Draw Summoning


You were on level 4 of the Dungeon.
You worshipped Nemelex Xobeh.
Nemelex Xobeh was pleased with you.
You visited 1 branch of the dungeon, and saw 4 of its levels.

You collected 313 gold pieces.

Inventory:

Hand Weapons
 a - a +2 dagger (weapon)
 b - a +0 short sword
Missiles
 d - 9 poisoned darts (quivered)
 e - 3 curare-tipped darts
Armour
 c - a +0 cloak (worn)
 m - a +0 helmet (worn)
 q - a +0 troll leather armour (worn)
 t - the +0 pair of boots of Sin (worn) {Regen+ Int-5 Dex+2}
   (You found it on level 3 of the Dungeon)

   Int:       It affects your intelligence (-5).
   Dex:       It affects your dexterity (+2).
   Regen:     It increases your rate of health regeneration.
 v - a +0 pair of gloves (worn)
Jewellery
 l - a ring of fire
Scrolls
 g - a scroll of identify {@r1}
 h - a scroll of amnesia {unknown}
 n - a scroll of enchant armour {unknown}
 o - a scroll of vulnerability
 u - 2 scrolls of fear {unknown}
Potions
 f - a potion of might {@q3}
 i - a potion of lignification
 j - a potion of berserk rage {unknown}
 k - a potion of invisibility
 p - a potion of brilliance
 r - a potion of heal wounds {@q2}
 s - 2 potions of haste {@q4}


   Skills:
 - Level 2.1 Fighting
 + Level 7.3 Short Blades
 - Level 2.1 Throwing
 - Level 1.2 Dodging
 - Level 5.3 Stealth


You had 4 spell levels left.
You didn't know any spells.
Your spell library contained the following spells:

 Spells                   Type           Power      Damage    Failure   Level
 Animate Skeleton         Necr           0%         N/A       54%         1
 Pain                     Necr           0%         1d4       54%         1
 Shock                    Conj/Air       0%         1d3       54%         1
 Portal Projectile        Hex/Tloc       0%         N/A       89%         3
 Vampiric Draining        Necr           0%         2d6       89%         3
 Blade Hands              Tmut           0%         N/A       100%        5
 Excruciating Wounds      Necr           0%         N/A       100%        5


Dungeon Overview and Level Annotations

Branches:
Dungeon (4/15)
 Temple: D:4-7

Altars:
Nemelex Xobeh


Innate Abilities, Weirdness & Mutations

You are small and have problems with some larger weapons.
You are completely attuned to the shadows.


Message History

You hit the scorpion but do no damage.
You feel very sick. The scorpion stings you.
* * * LOW HITPOINT WARNING * * *
You are more poisoned.
The scorpion poisons you!
You hit the scorpion.
* * * LOW HITPOINT WARNING * * *
You feel very sick. The scorpion barely misses you.
You closely miss the scorpion.
* * * LOW HITPOINT WARNING * * *
You feel sick.
You hit the scorpion but do no damage.
* * * LOW HITPOINT WARNING * * *
You feel very sick. The scorpion barely misses you.
You barely miss the scorpion.
* * * LOW HITPOINT WARNING * * *
You feel sick. The scorpion completely misses you.
You hit the scorpion.
* * * LOW HITPOINT WARNING * * *
You feel sick.
The scorpion stings you but does no damage.
You closely miss the scorpion.
You feel sick.
You hit the scorpion but do no damage.
You feel sick.
The scorpion stings you but does no damage.
You hit the scorpion but do no damage.
* * * LOW HITPOINT WARNING * * *
You feel sick. The scorpion barely misses you.
You puncture the scorpion!
You feel sick. The scorpion barely misses you.
You closely miss the scorpion. You hit the scorpion but do no damage.
You feel sick. The scorpion barely misses you.
You hit the scorpion.
You feel sick.
The scorpion stings you but does no damage.
You closely miss the scorpion. You barely miss the scorpion.
You feel sick. The scorpion stings you.
You die...
Your body glows slightly and disappears.

#.# #...)..##........#
#.####.....$##.#####..#
##..<##......# #..#
#....##......# #..#
#.#####......# # #..#
#.# ####.### .#####.##
#.# ####.####.......#
#.# ###.s.PPPPP.##.##.#
#.###.#@#.....P.##.##.#
#.......#.P........##.#
#####.#.#.P...P.##.##.#
#.#.#.PPP.P.##.##.#
#.#....>..........#
#........#.###.####
##..........#
#..###.##### #......#


You could see a scorpion.

Vanquished Creatures
  A jelly (D:4)
  An orc wizard (D:3)
  3 adders
  A worm (D:3)
  A dart slug (D:3)
  13 orcs
  3 bats
  4 endoplasms
  6 giant cockroaches
  5 goblins
  9 hobgoblins
  A quokka (D:2)
  8 ball pythons
  2 frilled lizards
  5 kobolds
  6 rats
69 creatures vanquished.

Vanquished Creatures (others)
  3 toadstools (D:4)
3 creatures vanquished.

Grand Total: 72 creatures vanquished

Notes
Turn   | Place    | Note
-------+----------+-------------------------------------------
     0 | D:1      | Colgate the Kobold Brigand began the quest for the Orb.
     0 | D:1      | Reached XP level 1. HP: 12/12 MP: 1/1
    71 | D:1      | Reached skill level 3 in Short Blades
   257 | D:1      | Reached XP level 2. HP: 17/17 MP: 2/2
   387 | D:1      | Found a faded altar of an unknown god.
   392 | D:1      | Got Plato's Disquisition on Flight
   393 | D:1      | Prayed at the altar of an unknown god.
   393 | D:1      | Became a worshipper of Nemelex Xobeh the Trickster
   393 | D:1      | Reached * piety under Nemelex Xobeh
   393 | D:1      | Received a gift from Nemelex Xobeh
   516 | D:1      | Reached skill level 4 in Short Blades
  1035 | D:1      | Reached XP level 3. HP: 16/21 MP: 3/3
  2053 | D:2      | Reached ** piety under Nemelex Xobeh
  2506 | D:3      | Reached skill level 5 in Short Blades
  2671 | D:3      | Reached XP level 4. HP: 26/26 MP: 4/4
  2703 | D:3      | Identified the +0 pair of boots of Sin {Regen+ Int-5 Dex+2}
  3092 | D:3      | Reached skill level 6 in Short Blades
  3270 | D:3      | Received a gift from Nemelex Xobeh
  3541 | D:3      | Reached XP level 5. HP: 30/30 MP: 5/5
  4623 | D:4      | Reached skill level 7 in Short Blades
  4833 | D:4      | HP: 1/30 [poisoned by a scorpion]
  4839 | D:4      | Slain by a scorpion

Illustrated notes

Levels and vault maps discovered:
D:1:      minmay_arrival_open_corners, layout_basic,
          shapermc_ecumenical_altar_rom_forum, chequers_serial_rivers_small_b,
          moated_statue, minmay_hexomino_u4
D:2:      layout_basic
D:3:      layout_loops_corners
D:4:      layout_loops_cross, minmay_gold_behind_fungi,
          chequers_serial_rivers_micro_d

Skill      XL: |  1  2  3  4  5 |
---------------+----------------+-----
Short Blades   | 3 4 5 6 7 |  7.3
Fighting       | |  2.1
Throwing       | |  2.1
Dodging        | |  1.2
Stealth        | |  5.3

Action                   |  1- 3 |  4- 6 || total
-------------------------+-------+-------++-------
Melee: Dagger            |   132 |   100 ||   232
       Punch             |     1 |       ||     1
Invok: Draw Escape       |     2 |       ||     2
  Use: Scroll            |     1 |     6 ||     7
 Stab: Sleeping          |    22 |    17 ||    39
       Distracted        |       |     1 ||     1
Armor: Robe              |     8 |       ||     8
       Troll leather arm |     5 |    23 ||    28
Dodge: Dodged            |    66 |    39 ||   105

Table legend: (Time is in decaauts)
 A = Elapsed time spent in this place.
 B = Non-inter-level travel time spent in this place.
 C = Inter-level travel time spent in this place.
 D = Time resting spent in this place.
 E = Time spent auto-exploring this place.
 F = Levels seen in this place.
 G = Mean time per level.
                   A        B        C        D        E       F      G
               +--------+--------+--------+--------+--------+-----+--------+
         Total |   4780 |   4593 |    187 |      1 |   4012 |   4 | 1195.0 |
       Dungeon |   4780 |   4593 |    187 |      1 |   4012 |   4 | 1195.0 |
               +--------+--------+--------+--------+--------+-----+--------+

Top non-repeatable levels by time:
     D:3: 2008 daAuts
     D:1: 1548 daAuts
     D:2: 926 daAuts
     D:4: 297 daAuts
